[Event "Titled Tuesday Blitz March 14 Late 2023"]
[White "Diaz Rosas, Julio Cesar"]
[Black "Dzierzak, Radoslaw"]
[WhiteFideId "5105099"]
[BlackFideId "1161407"]
[WhiteElo "2270"]
[BlackElo "2166"]
[Result "1/2-1/2"]
[Round "03"]
[TimeControl "180+1"]
[Date "2023.03.14"]
[WhiteClock "0:00:15"]
[BlackClock "0:00:12"]

1. e4 c6 2. d4 d5 3. exd5 cxd5 4. Bd3 Nc6 5. Nf3 Bg4 6. Nbd2 e6 7. c3 Bd6 8. O-O Nge7 9. Re1 Qc7 10. Nf1 h6 11. Ng3 O-O 12. h3 Bxf3 13. Qxf3 e5 14. Qg4 e4 15. Nh5 Ng6 16. Bb5 Nce7 17. c4 f5 18. Qe2 a6 19. c5 Bh2+ 20. Kh1 axb5 21. g3 f4 22. Kxh2 fxg3+ 23. fxg3 Rf3 24. Rg1 Raf8 25. Be3 Nf5 26. Bf4 Nxf4 27. gxf4 Rxf4 28. Nxf4 Qxf4+ 29. Kg2 Qg3+ 30. Kh1 Qxh3+ 31. Qh2 Qxh2+ 32. Kxh2 Nxd4 33. Rg6 Rf2+ 34. Kh3 Nf3 35. Kg3 Rc2 36. Rd1 Rxc5 37. Kf4 Kf7 38. Rb6 g5+ 39. Kf5 Nh4+ 40. Ke5 Nf3+ 41. Kf5 Nh4+ 42. Ke5 Nf3+ 43. Kf5 1/2-1/2


[Site "https://www.chess.com"]

[Event "Titled Tuesday Blitz March 14 Late 2023"]
[White "Dinu, Dumitru-Daniel"]
[Black "Kurtz, Eric M"]
[WhiteFideId "1208403"]
[BlackFideId "30939763"]
[WhiteElo "2240"]
[BlackElo "2599"]
[Result "1-0"]
[Round "03"]
[TimeControl "180+1"]
[Date "2023.03.14"]
[WhiteClock "0:00:02"]
[BlackClock "0:00:02"]

1. e4 d6 2. d4 Nf6 3. Nc3 g6 4. Bc4 Bg7 5. Qe2 O-O 6. e5 Ng4 7. h3 Nh6 8. Nf3 Nc6 9. O-O Nf5 10. Rd1 Na5 11. Bd3 f6 12. e6 Nh6 13. d5 c5 14. Bf4 Kh8 15. Qd2 Ng8 16. Nh4 g5 17. Nf5 c4 18. Be4 Qe8 19. Be3 b6 20. h4 gxh4 21. Bd4 Qh5 22. Qf4 Nh6 23. Nxg7 Kxg7 24. Bf3 Qg6 25. Ne4 Nf5 26. Bc3 Nb7 27. Bg4 Nh6 28. Bh3 Nc5 29. Nxc5 bxc5 30. Qxc4 a5 31. Qxh4 Rb8 32. Rd3 Nf5 33. Qf4 Qh6 34. Qxf5 1-0


[Site "https://www.chess.com"]

[Event "Titled Tuesday Blitz March 14 Late 2023"]
[White "Djordjevic, Dejan N"]
[Black "Bas Mas, Jose Joaquin"]
[WhiteFideId "913316"]
[BlackFideId "22219064"]
[WhiteElo "2261"]
[BlackElo "2233"]
[Result "0-1"]
[Round "03"]
[TimeControl "180+1"]
[Date "2023.03.14"]
[WhiteClock "0:00:01"]
[BlackClock "0:00:20"]

1. e4 c5 2. Nc3 Nc6 3. g3 g6 4. Bg2 Bg7 5. Nge2 d6 6. O-O Nf6 7. h3 O-O 8. d3 Rb8 9. f4 Ne8 10. Be3 Nc7 11. f5 b6 12. g4 Ba6 13. Qd2 b5 14. Rae1 b4 15. Nd1 c4 16. d4 c3 17. bxc3 d5 18. e5 Re8 19. Rf2 Na5 20. Bh6 Bh8 21. Qf4 f6 22. h4 Nc4 23. e6 Qd6 24. Qc1 bxc3 25. Nexc3 Bb7 26. Bf4 Qc6 27. Bxc7 Qxc7 28. Nxd5 Qg3 29. Qf4 Qxh4 30. Nxe7+ Kf8 31. Nd5 Kg8 32. fxg6 hxg6 33. Nxf6+ Bxf6 34. Qxf6 Qxf6 35. Rxf6 Bc8 36. d5 Nd6 37. Rxg6+ Kh7 38. Rf6 Rg8 39. Ne3 Ba6 40. Kf2 Kg7 41. Rf4 Rbf8 42. Rxf8 Rxf8+ 43. Kg3 Kg6 44. Rc1 Rc8 45. Nf5 Nxf5+ 46. gxf5+ Kxf5 47. c4 Bxc4 48. e7 Rg8+ 0-1


[Site "https://www.chess.com"]

[Event "Titled Tuesday Blitz March 14 Late 2023"]
[White "Domingo Nunez, Ruben"]
[Black "Goncalves, Davi Sulzbacher"]
[WhiteFideId "22245570"]
[BlackFideId "2154510"]
[WhiteElo "2404"]
[BlackElo "2182"]
[Result "0-1"]
[Round "03"]
[TimeControl "180+1"]
[Date "2023.03.14"]
[WhiteClock "0:00:54"]
[BlackClock "0:00:01"]

1. e4 c6 2. Nf3 d5 3. exd5 cxd5 4. Ne5 Nf6 5. Bb5+ Nbd7 6. d4 e6 7. O-O Be7 8. f4 O-O 9. c3 Ne4 10. Nd2 f5 11. Ndf3 Ndf6 12. Bd2 Qb6 13. Qb3 a6 14. Bd3 Qxb3 15. axb3 Nxd2 16. Nxd2 Bd7 17. Nxd7 Nxd7 18. Rfe1 Rf6 19. Nf3 Bd6 20. g3 Rc8 21. c4 Bb4 22. Rec1 Rff8 23. c5 Nb8 24. Ra4 Nc6 25. Rca1 h6 26. Kf2 g6 27. Ke3 Kg7 28. Ne5 Nxe5 29. fxe5 a5 30. Bb5 Rc7 31. Rxb4 axb4 32. Ra4 g5 33. Kf3 h5 34. Rxb4 f4 35. g4 hxg4+ 36. Kxg4 f3 37. Bf1 f2 38. Kxg5 Kh7 39. Bd3+ Kh8 40. Bf1 Rg7+ 41. Kh6 Rf4 42. Kh5 Rf5+ 43. Kh4 Rfg5 44. Bd3 Rg4+ 45. Kh5 Rg2 46. h4 f1=Q 47. Bxf1 Rh7# 0-1


[Site "https://www.chess.com"]

[Event "Titled Tuesday Blitz March 14 Late 2023"]
[White "Drygalov, Andrey"]
[Black "Cardoso Cardoso, Jose Gabriel"]
[WhiteFideId "24171735"]
[BlackFideId "4430492"]
[WhiteElo "2471"]
[BlackElo "2496"]
[Result "0-1"]
[Round "03"]
[TimeControl "180+1"]
[Date "2023.03.14"]
[WhiteClock "0:00:04"]
[BlackClock "0:00:05"]

1. e4 c5 2. Nf3 e6 3. d4 cxd4 4. Nxd4 Nc6 5. Nc3 a6 6. Be2 Nge7 7. Be3 Nxd4 8. Qxd4 Nc6 9. Qd2 b5 10. O-O Be7 11. f4 d6 12. a3 O-O 13. Bd3 Rb8 14. Qf2 b4 15. Na4 bxa3 16. bxa3 Qa5 17. Nb6 Bf6 18. Nc4 Qc7 19. Rab1 d5 20. Rxb8 Qxb8 21. e5 dxc4 22. Bxh7+ Kxh7 23. exf6 Rh8 24. Qf3 Qb5 25. Qg4 g6 26. Rd1 Qh5 27. h3 e5 28. Qxh5+ gxh5 29. Rd6 Nd4 30. fxe5 Nf5 31. Rc6 Nxe3 32. c3 Be6 33. Rxa6 Nd1 34. a4 Nxc3 35. a5 Nd5 36. Rc6 c3 37. a6 Ra8 38. Kf2 Nb4 39. Rxc3 Rxa6 40. Rc7 Ra5 41. Rb7 Nd3+ 42. Kg3 Nxe5 43. Kh4 Ng6+ 44. Kg3 h4+ 45. Kh2 Rf5 46. Rb4 Rxf6 47. Kg1 Bd5 48. Rd4 Rf5 49. Kh2 Rg5 50. g4 hxg3+ 51. Kg1 Ne5 0-1


[Site "https://www.chess.com"]

[Event "Titled Tuesday Blitz March 14 Late 2023"]
[White "Dubov, Daniil"]
[Black "Visakh N R"]
[WhiteFideId "24126055"]
[BlackFideId "25012223"]
[WhiteElo "2802"]
[BlackElo "2466"]
[Result "0-1"]
[Round "03"]
[TimeControl "180+1"]
[Date "2023.03.14"]
[WhiteClock "0:00:01"]
[BlackClock "0:01:05"]

1. d4 d5 2. c4 dxc4 3. Nf3 Nf6 4. e3 e6 5. Bxc4 c5 6. O-O a6 7. Qe2 b5 8. Bd3 Nbd7 9. Rd1 Bb7 10. e4 cxd4 11. Nxd4 Bc5 12. Nb3 Bd6 13. Bxb5 Bxh2+ 14. Kxh2 axb5 15. f3 O-O 16. Be3 b4 17. N1d2 Ba6 18. Qf2 Ne5 19. Qg3 Nd3 20. Nc5 Nh5 21. Qg4 Nf6 22. Qh4 Nxc5 23. Nb3 Nd3 24. Rd2 Qc7+ 25. Kg1 Ne5 26. Rc1 Qb8 27. Bc5 Rc8 28. Rcd1 Bc4 29. Bd6 Qb6+ 30. Qf2 Qxf2+ 31. Kxf2 Bxb3 32. axb3 Ned7 33. Bxb4 h5 34. Rxd7 Nxd7 35. Rxd7 Rc2+ 36. Rd2 Rac8 37. Ke3 g5 38. Bc3 Rxd2 39. Kxd2 f5 40. exf5 exf5 41. b4 Kf7 42. Ke3 Ke6 43. Kd4 g4 44. fxg4 fxg4 45. g3 h4 46. gxh4 g3 47. Kd3 g2 48. Bd4 Rd8 0-1


[Site "https://www.chess.com"]

[Event "Titled Tuesday Blitz March 14 Late 2023"]
[White "Estrada Nieto, Julian"]
[Black "Sabar, Ethmane Daouda"]
[WhiteFideId "5101018"]
[BlackFideId "19600097"]
[WhiteElo "2176"]
[BlackElo "1950"]
[Result "1-0"]
[Round "03"]
[TimeControl "180+1"]
[Date "2023.03.14"]
[WhiteClock "0:00:06"]
[BlackClock "0:00:14"]

1. e4 c5 2. Nf3 Nc6 3. Bb5 e5 4. c3 d6 5. O-O Bd7 6. d4 cxd4 7. cxd4 Qc7 8. Nc3 a6 9. Ba4 Nf6 10. Bg5 b5 11. Bb3 Nxd4 12. Nxd4 exd4 13. Bxf6 dxc3 14. Bxc3 Be7 15. Rc1 Qd8 16. Bxg7 Rg8 17. Qd4 Rc8 18. Rxc8 Qxc8 19. Bf6 Bh3 20. g3 Bxf1 21. Kxf1 Qc1+ 22. Kg2 Rg6 23. Bxe7 Kxe7 24. Qa7+ Kd8 25. Bxf7 Rf6 26. Bd5 Qxb2 27. Qb6+ Ke7 28. Qc7+ Kf8 29. Qd8+ Kg7 30. Qc7+ Kh6 31. Qa7 Qd2 32. Bg8 Kg5 33. Bxh7 Rxf2+ 34. Qxf2 Qxf2+ 35. Kxf2 a5 36. Ke3 a4 37. Bg8 b4 38. Bd5 b3 39. axb3 axb3 40. Bxb3 Kg4 41. Kd4 Kg5 42. Bd5 1-0


[Site "https://www.chess.com"]

[Event "Titled Tuesday Blitz March 14 Late 2023"]
[White "Ezat, Mohamed"]
[Black "Bluebaum, Matthias"]
[WhiteFideId "10600906"]
[BlackFideId "24651516"]
[WhiteElo "2386"]
[BlackElo "2638"]
[Result "0-1"]
[Round "03"]
[TimeControl "180+1"]
[Date "2023.03.14"]
[WhiteClock "0:00:01"]
[BlackClock "0:00:49"]

1. d4 d5 2. c4 e6 3. Nc3 Bb4 4. e3 Nf6 5. Bd3 dxc4 6. Bxc4 O-O 7. Nf3 c5 8. O-O a6 9. a3 Bxc3 10. bxc3 b5 11. Bd3 Bb7 12. a4 c4 13. Bc2 Ne4 14. Bb2 Nd7 15. Nd2 Nxd2 16. Qxd2 f5 17. Ba3 Rf6 18. Bd6 e5 19. Ba3 e4 20. axb5 axb5 21. Bb4 Rfa6 22. Rxa6 Rxa6 23. Bb1 Ne5 24. Qb2 Nf3+ 25. gxf3 Rh6 26. Rd1 Qg5+ 27. Kf1 exf3 28. Ke1 Rxh2 29. Qa3 Rxf2 30. Kxf2 Qg2+ 0-1


[Site "https://www.chess.com"]

[Event "Titled Tuesday Blitz March 14 Late 2023"]
[White "Fernandez, Maria Florencia"]
[Black "Chabris, Christopher"]
[WhiteFideId "116459"]
[BlackFideId "2005263"]
[WhiteElo "2155"]
[BlackElo "2184"]
[Result "1-0"]
[Round "03"]
[TimeControl "180+1"]
[Date "2023.03.14"]
[WhiteClock "0:00:11"]
[BlackClock "0:00:01"]

1. d4 Nf6 2. c4 e6 3. Nc3 Bb4 4. a3 Bxc3+ 5. bxc3 b6 6. f3 Nc6 7. e4 d6 8. Bg5 h6 9. Bh4 g5 10. Bf2 Na5 11. Bd3 Ba6 12. Ne2 Qd7 13. h4 O-O-O 14. c5 Bxd3 15. Qxd3 dxc5 16. O-O c4 17. Qc2 Rdg8 18. Rad1 Qe7 19. d5 exd5 20. exd5 g4 21. Nd4 gxf3 22. Qf5+ Kb7 23. Qxf3 Qe4 24. Rfe1 Qxf3 25. Nxf3 Re8 26. Bd4 Ng4 27. Bxh8 Rxh8 28. Re7 Kc8 29. Rxf7 Ne3 30. Rd4 Rg8 31. Kf2 Nc2 32. Re4 Nb3 33. Ree7 Nc5 34. Rxc7+ Kb8 35. Rce7 Nd3+ 36. Kf1 Nc5 37. d6 Rd8 38. d7 1-0


[Site "https://www.chess.com"]

[Event "Titled Tuesday Blitz March 14 Late 2023"]
[White "Fernandez Siles, Luis"]
[Black "Fernandez Hernandez, Gerardo"]
[WhiteFideId "2209420"]
[BlackFideId "2207400"]
[WhiteElo "2186"]
[BlackElo "2194"]
[Result "0-1"]
[Round "03"]
[TimeControl "180+1"]
[Date "2023.03.14"]
[WhiteClock "0:00:37"]
[BlackClock "0:00:11"]

1. d4 Nf6 2. c4 c5 3. d5 g6 4. Nc3 Bg7 5. e4 d6 6. f4 O-O 7. Bd3 e6 8. dxe6 Bxe6 9. f5 Bd7 10. Nf3 Nc6 11. O-O a6 12. a4 Nb4 13. Bb1 Bc6 14. Bg5 h6 15. fxg6 hxg5 16. gxf7+ Rxf7 17. Nxg5 Re7 18. Qf3 Re5 19. Qg3 Nh5 20. Qf3 Qxg5 21. Bd3 Rf8 22. Qh3 Nxd3 23. Qxd3 Nf4 24. Qf3 Re6 25. Kh1 Rg6 26. g3 Ne6 27. Qg2 Rxf1+ 28. Rxf1 Nd4 29. Nd5 Bxd5 30. exd5 Nf5 31. Qe4 Rf6 32. Rf4 Rf8 33. Rg4 Qf6 34. Rf4 Qe5 35. Qf3 Qe1+ 36. Kg2 Ne3+ 37. Kh3 Rxf4 38. gxf4 Qf1+ 39. Qxf1 Nxf1 40. Kg4 Bxb2 41. Kf5 Ne3+ 42. Ke6 Nxc4 43. f5 b5 44. a5 b4 45. Kd7 Kf8 46. Kc6 b3 47. Kb7 Bf6 48. Kxa6 Bd8 49. Kb5 Bxa5 50. Kxc4 b2 51. h4 b1=Q 52. h5 Qxf5 53. h6 Qh7 54. Kb5 Bb4 55. Kc6 Qxh6 56. Kb5 Qg5 57. Kc6 Qe5 58. Kd7 Qxd5 59. Kc7 c4 60. Kb6 c3 0-1


[Site "https://www.chess.com"]

[Event "Titled Tuesday Blitz March 14 Late 2023"]
[White "Filgueiras, Nathan Felipe"]
[Black "Dimitrov, Atanas"]
[WhiteFideId "2188562"]
[BlackFideId "2901315"]
[WhiteElo "2241"]
[BlackElo "2689"]
[Result "1-0"]
[Round "03"]
[TimeControl "180+1"]
[Date "2023.03.14"]
[WhiteClock "0:01:20"]
[BlackClock "0:00:34"]

1. e4 c5 2. Nf3 g6 3. d4 cxd4 4. Nxd4 Bg7 5. c4 Nc6 6. Be3 Nf6 7. Nc3 b6 8. Be2 O-O 9. O-O Bb7 10. f3 Rc8 11. Qd2 d6 12. Rad1 Nd7 13. b3 Nc5 14. Nd5 e6 15. Nxc6 Bxc6 16. Nb4 Bb7 17. Qxd6 Qh4 18. Qg3 Qe7 19. Nd3 Nxd3 20. Bxd3 Qa3 21. Bb1 Rfd8 22. Rxd8+ Rxd8 23. Qc7 Bf6 24. Qxb7 Qb2 25. Qc7 Kg7 26. Qxa7 Qc3 27. Qxb6 g5 28. h3 h5 29. Rc1 Qe5 30. Qc5 Qg3 31. Bf2 Qf4 32. Qe3 Qe5 33. Rf1 Qc7 34. Qe2 Qe7 35. Rd1 Ra8 36. e5 1-0


[Site "https://www.chess.com"]

[Event "Titled Tuesday Blitz March 14 Late 2023"]
[White "Fiorito, Francisco"]
[Black "Ronka, Erik"]
[WhiteFideId "180165"]
[BlackFideId "505080"]
[WhiteElo "2341"]
[BlackElo "2264"]
[Result "1-0"]
[Round "03"]
[TimeControl "180+1"]
[Date "2023.03.14"]
[WhiteClock "0:00:04"]
[BlackClock "0:00:02"]

1. Nf3 d5 2. g3 c6 3. Bg2 Nf6 4. O-O Bg4 5. c4 e6 6. Ne5 Bf5 7. d4 Nbd7 8. Nc3 Be7 9. Qb3 Qb6 10. Nxd7 Nxd7 11. Qxb6 axb6 12. cxd5 exd5 13. Bf4 O-O 14. Rfe1 Nf6 15. a4 Bb4 16. h3 h5 17. Rec1 Rfe8 18. e3 Bd3 19. Bc7 Ra6 20. b3 g5 21. Ra2 Rc8 22. Rd2 Bf5 23. Be5 Ne8 24. g4 hxg4 25. hxg4 Bxg4 26. Rb2 Ba3 27. Rbb1 Bxc1 28. Rxc1 f6 29. Bg3 Raa8 30. Na2 Be6 31. Nb4 Rd8 32. Nd3 Rac8 33. Bf3 Nd6 34. Kg2 Ne4 35. Bh2 Nd2 36. Be2 Nxb3 37. Rb1 Na5 38. Rxb6 Rd7 39. Nc5 Re7 40. Nxe6 Rxe6 41. Bg4 Rce8 42. Bxe6+ Rxe6 43. Rb4 Re7 44. Bd6 Rd7 45. Bc5 Kf7 46. Bb6 Nc4 47. Bc5 Ke6 48. Kf3 f5 49. Rb1 Rh7 50. Rg1 g4+ 51. Kg2 Nd2 52. Rd1 Nf3 53. Bb6 f4 54. exf4 Kf5 55. Bc5 Rh2+ 56. Kg3 Rh3+ 57. Kg2 Kxf4 58. Bd6+ Kf5 59. Bg3 Rh7 60. a5 Re7 61. Bd6 Re6 62. Bc5 Re2 63. Rb1 Ne1+ 64. Kf1 Re6 65. Rxe1 Rg6 66. Re5+ Kf4 67. Kg2 g3 68. fxg3+ Rxg3+ 69. Kf2 Rb3 70. Re7 Rb2+ 71. Ke1 Kf3 72. Kd1 Rb5 73. Bb6 Rb4 74. Kc2 Rc4+ 75. Kb3 c5 76. Bxc5 b5 77. axb6 Rc1 78. b7 Kf4 79. b8=Q+ Kf5 80. Qe5+ Kg6 81. Rg7+ Kh6 82. Qf6+ Kh5 83. Qg5# 1-0


[Site "https://www.chess.com"]

[Event "Titled Tuesday Blitz March 14 Late 2023"]
[White "Fiorito, Joaquin"]
[Black "Zampronha, Wladimir Camilo"]
[WhiteFideId "180173"]
[BlackFideId "2103087"]
[WhiteElo "2157"]
[BlackElo "2176"]
[Result "1-0"]
[Round "03"]
[TimeControl "180+1"]
[Date "2023.03.14"]
[WhiteClock "0:00:13"]
[BlackClock "0:00:10"]

1. d4 Nf6 2. Nc3 e6 3. Bf4 c5 4. e3 a6 5. Nf3 b5 6. dxc5 Bxc5 7. Bd3 Bb7 8. O-O O-O 9. a3 d5 10. Qe2 Nbd7 11. e4 dxe4 12. Nxe4 Nxe4 13. Bxe4 Bxe4 14. Qxe4 Nf6 15. Qe2 Qb6 16. c3 Nd5 17. Bg3 Rfd8 18. Rad1 Rac8 19. Ne5 Qb7 20. Rfe1 Nb6 21. h4 h6 22. Bf4 Nd5 23. Bc1 Qe7 24. g3 Nb6 25. Rxd8+ Qxd8 26. Qf3 Qe7 27. Rd1 Nd5 28. Kg2 Bd6 29. Nd3 Nf6 30. Re1 Nd5 31. a4 Qf6 32. Qg4 Rc4 33. Re4 Rxe4 34. Qxe4 Qd8 35. axb5 axb5 36. Qg4 Nf6 37. Qd4 Nd5 38. b3 Qa8 39. Kh2 Qa2 40. c4 bxc4 41. bxc4 Nb4 42. Qxd6 Nxd3 43. Qd8+ Kh7 44. Qxd3+ f5 45. Be3 g5 46. hxg5 hxg5 47. Qd4 Kg6 48. c5 g4 49. Qe5 Qa8 50. Qxe6+ Kg7 51. Qxf5 1-0


[Site "https://www.chess.com"]

[Event "Titled Tuesday Blitz March 14 Late 2023"]
[White "Friedel, Tom"]
[Black "Diaz Perez, Michel Alejandro"]
[WhiteFideId "2002108"]
[BlackFideId "3517179"]
[WhiteElo "2290"]
[BlackElo "2333"]
[Result "0-1"]
[Round "03"]
[TimeControl "180+1"]
[Date "2023.03.14"]
[WhiteClock "0:00:42"]
[BlackClock "0:00:33"]

1. e4 d5 2. Nc3 d4 3. Nce2 e5 4. d3 c5 5. f4 f6 6. Nf3 Nc6 7. g3 Bd6 8. Bg2 Nge7 9. O-O O-O 10. Bd2 Be6 11. fxe5 fxe5 12. Ng5 Bd7 13. c3 Qb6 14. Qb3+ Qxb3 15. axb3 h6 16. Bh3 Bxh3 17. Nxh3 a6 18. Kg2 Rad8 19. Rxf8+ Rxf8 20. Nhg1 Bc7 21. Nf3 dxc3 22. bxc3 Rd8 23. Ne1 Ng6 24. Be3 Bd6 25. Ng1 Nf8 26. Ngf3 Ne6 27. Nh4 Bf8 28. Nf5 Kh7 29. h4 g6 30. g4 gxf5 31. gxf5 Ng7 32. Rd1 Be7 33. Kh3 Nh5 34. Nf3 Nf6 35. Bf2 Nxe4 36. Be1 Nd6 37. Bg3 Bf6 38. Re1 Re8 39. Kg4 Rg8+ 40. Kh3 Nxf5 41. Bxe5 Bxe5 42. Nxe5 Re8 43. d4 cxd4 44. cxd4 Nfxd4 45. Nxc6 Rxe1 46. Nxd4 Rd1 47. Ne6 Rd3+ 0-1


[Site "https://www.chess.com"]

[Event "Titled Tuesday Blitz March 14 Late 2023"]
[White "Garcia Pantoja, Roberto"]
[Black "Doknjas, Neil"]
[WhiteFideId "3509265"]
[BlackFideId "2617587"]
[WhiteElo "2544"]
[BlackElo "2152"]
[Result "1-0"]
[Round "03"]
[TimeControl "180+1"]
[Date "2023.03.14"]
[WhiteClock "0:00:53"]
[BlackClock "0:00:32"]

1. e4 c5 2. Nf3 e6 3. d4 cxd4 4. Nxd4 a6 5. c4 Nf6 6. Nc3 Bb4 7. Qd3 Nc6 8. Nxc6 bxc6 9. a3 Bxc3+ 10. Qxc3 Nxe4 11. Qxg7 Qf6 12. Qxf6 Nxf6 13. b4 d5 14. Bb2 Ke7 15. f3 h5 16. Kf2 Rg8 17. Bd3 Bd7 18. cxd5 cxd5 19. Rhc1 Ne8 20. Rc5 Nd6 21. a4 Rgc8 22. Bd4 Nb7 23. Rxc8 Bxc8 24. Rc1 Kd6 25. f4 Bd7 26. Be5+ Ke7 27. Rc7 Nd8 28. b5 Ke8 29. Bd6 axb5 30. Bxb5 Bxb5 31. Re7+ Kf8 32. Ra7+ Kg7 33. Rxa8 Nb7 34. Bf8+ Kf6 35. axb5 1-0


[Site "https://www.chess.com"]

[Event "Titled Tuesday Blitz March 14 Late 2023"]
[White "Garrido Dominguez, Jesus"]
[Black "Sochacki, Christophe"]
[WhiteFideId "2254174"]
[BlackFideId "662569"]
[WhiteElo "2385"]
[BlackElo "2474"]
[Result "0-1"]
[Round "03"]
[TimeControl "180+1"]
[Date "2023.03.14"]
[WhiteClock "0:00:21"]
[BlackClock "0:00:11"]

1. e4 e6 2. d4 d5 3. Nd2 e5 4. dxe5 dxe4 5. Nxe4 Qxd1+ 6. Kxd1 Nc6 7. f4 Bg4+ 8. Be2 O-O-O+ 9. Bd2 Bxe2+ 10. Nxe2 f6 11. exf6 Nxf6 12. Nxf6 gxf6 13. c3 Rg8 14. g3 h5 15. Kc2 Bc5 16. Rae1 Rde8 17. Nc1 h4 18. Rxe8+ Rxe8 19. Nd3 Bb6 20. gxh4 Rh8 21. Be1 Kd7 22. Bg3 Ne7 23. Rd1 Nf5 24. Nc5+ Kc6 25. Ne4 Ne3+ 26. Kc1 Nxd1 27. Kxd1 f5 28. Ng5 Kd5 29. Ke2 c6 30. Kd3 Rh5 31. c4+ Kd6 32. b4 Bg1 33. Nf7+ Ke7 34. Ne5 c5 35. b5 Bd4 36. Nf3 Bf6 37. a4 b6 38. Bf2 Rh8 39. a5 Rg8 40. a6 Rg2 41. Ke2 Kf7 42. Kf1 Rg8 43. Ke2 Kg6 44. h3 Kh5 45. Kd3 Rg2 46. Ke2 Bd4 47. Nxd4 cxd4 48. Kf3 Rg8 49. Bxd4 Rc8 50. Ke3 Rxc4 51. Kd3 Ra4 52. Bf2 Rb4 0-1


[Site "https://www.chess.com"]

[Event "Titled Tuesday Blitz March 14 Late 2023"]
[White "Godzwon, Iwo"]
[Black "Nesterov, Arseniy"]
[WhiteFideId "21802483"]
[BlackFideId "24198455"]
[WhiteElo "2284"]
[BlackElo "2491"]
[Result "0-1"]
[Round "03"]
[TimeControl "180+1"]
[Date "2023.03.14"]
[WhiteClock "0:00:03"]
[BlackClock "0:00:22"]

1. e4 e5 2. Nf3 Nc6 3. Bb5 a6 4. Ba4 b5 5. Bb3 Na5 6. d4 exd4 7. Nxd4 Bb7 8. c3 Nxb3 9. Nxb3 Qf6 10. O-O O-O-O 11. Re1 Qg6 12. f3 d5 13. e5 d4 14. cxd4 Ne7 15. Be3 Nf5 16. Bf2 c5 17. Nc3 cxd4 18. Ne4 Bb4 19. Rc1+ Kb8 20. Rf1 Ne3 21. Bxe3 dxe3 22. Nd6 Bxd6 23. exd6 Rxd6 24. Qe2 Re8 25. Rc3 Qg5 26. Re1 Rg6 27. Nc5 b4 28. Rc4 Rd6 29. Rc2 Rc8 30. Nxb7 Rxc2 31. Qxc2 Rd2 32. Qg6 Qxg6 0-1


[Site "https://www.chess.com"]

[Event "Titled Tuesday Blitz March 14 Late 2023"]
[White "Goltsev, Dmitry"]
[Black "Jovic, Stanoje"]
[WhiteFideId "24176710"]
[BlackFideId "905020"]
[WhiteElo "2336"]
[BlackElo "2236"]
[Result "1-0"]
[Round "03"]
[TimeControl "180+1"]
[Date "2023.03.14"]
[WhiteClock "0:01:54"]
[BlackClock "0:00:30"]

1. e4 c6 2. d4 d5 3. Nc3 dxe4 4. Nxe4 Nf6 5. Qe2 Nxe4 6. Qxe4 Nd7 7. Nf3 Nf6 8. Qd3 g6 9. Bf4 Qa5+ 10. c3 Bg7 11. Ne5 O-O 12. f3 c5 13. Nc4 Qa6 14. dxc5 Bf5 15. Qe3 Nd5 16. Qc1 Qe6+ 17. Kf2 Nxf4 18. Qxf4 Qc6 19. g4 Qxc5+ 20. Qe3 Qxe3+ 21. Nxe3 Be6 22. Bc4 Rad8 23. Bxe6 fxe6 24. Rhd1 e5 25. Rxd8 Rxd8 26. Rd1 Rd6 27. Ke2 Kf7 28. Nc4 Rxd1 29. Kxd1 Ke6 30. Ke2 Bh6 31. Kd3 Kd5 32. Ne3+ Ke6 33. Nd1 Bf4 34. h3 Kf6 35. Ne3 Kg5 36. Ng2 Bc1 37. b3 h5 38. Ke4 hxg4 39. hxg4 Bb2 40. c4 a5 41. Ne1 Kh4 42. Nd3 Bd4 43. Nxe5 Bxe5 44. Kxe5 Kg3 45. Ke4 g5 46. a3 1-0


[Site "https://www.chess.com"]

[Event "Titled Tuesday Blitz March 14 Late 2023"]
[White "Grinev, Valeriy"]
[Black "Kravtsiv, Martyn"]
[WhiteFideId "14117517"]
[BlackFideId "14113147"]
[WhiteElo "2365"]
[BlackElo "2695"]
[Result "0-1"]
[Round "03"]
[TimeControl "180+1"]
[Date "2023.03.14"]
[WhiteClock "0:00:34"]
[BlackClock "0:00:31"]

1. d4 Nf6 2. c4 e6 3. Nc3 d5 4. cxd5 exd5 5. Bg5 c6 6. e3 Be7 7. Bd3 Nbd7 8. Qc2 Nh5 9. Bxe7 Qxe7 10. Nge2 g6 11. O-O O-O 12. Rab1 a5 13. Rbe1 Ndf6 14. Nc1 b6 15. f3 c5 16. Qd2 Bb7 17. Bb1 Rfd8 18. Nd3 Ba6 19. Rf2 Bxd3 20. Bxd3 Rab8 21. Bb5 Ng7 22. Rd1 Ne6 23. Qc1 Rbc8 24. dxc5 bxc5 25. Qb1 Rb8 26. Bf1 Qa7 27. Rfd2 c4 28. Re1 d4 29. exd4 Rxd4 30. Rxd4 Qxd4+ 31. Kh1 Qd2 32. Na4 Nf4 33. Qd1 Qf2 34. Re5 N6d5 35. g3 c3 36. bxc3 Ne3 37. Rxe3 Qxe3 38. gxf4 Qxf4 39. Nc5 Rb2 40. Nd3 Qxh2# 0-1


[Site "https://www.chess.com"]

[Event "Titled Tuesday Blitz March 14 Late 2023"]
[White "Grycel, Kamil"]
[Black "Sakun, Volodymyr"]
[WhiteFideId "1115499"]
[BlackFideId "14114062"]
[WhiteElo "2467"]
[BlackElo "2331"]
[Result "0-1"]
[Round "03"]
[TimeControl "180+1"]
[Date "2023.03.14"]
[WhiteClock "0:00:01"]
[BlackClock "0:00:06"]

1. b3 e5 2. Bb2 Nc6 3. Nf3 e4 4. Nd4 Nf6 5. e3 d5 6. Nxc6 bxc6 7. d3 Bb4+ 8. Nd2 Qe7 9. Be2 exd3 10. cxd3 O-O 11. O-O Bd6 12. h3 c5 13. Nf3 c6 14. d4 Bb7 15. Rc1 Ne4 16. dxc5 Bxc5 17. Nd4 f5 18. b4 Bxd4 19. Qxd4 a5 20. b5 c5 21. Qd3 c4 22. Qd4 Rac8 23. Bf3 c3 24. Bxc3 Rc4 25. Qe5 Qf7 26. Bxe4 Rxe4 27. Qd6 f4 28. exf4 Rxf4 29. Qb6 d4 30. Bxd4 Qd5 31. f3 Qxd4+ 32. Qxd4 Rxd4 33. Rfe1 Rd7 34. b6 Rc8 35. Rb1 Rc5 36. Re8+ Kf7 37. Rb8 Ke6 38. Re1+ Kd6 39. Rd1+ Rd5 40. Rc1 Rb5 41. Rd1+ Bd5 42. b7 Rbxb7 43. Ra8 Rb5 44. Ra6+ Ke7 45. Re1+ Kf7 46. Kh2 Bxa2 47. Re3 Bb3 48. Rc3 a4 0-1


[Site "https://www.chess.com"]

[Event "Titled Tuesday Blitz March 14 Late 2023"]
[White "Gubajdullin, Alexei"]
[Black "Burg, Twan"]
[WhiteFideId "4141202"]
[BlackFideId "1010697"]
[WhiteElo "2267"]
[BlackElo "2422"]
[Result "1-0"]
[Round "03"]
[TimeControl "180+1"]
[Date "2023.03.14"]
[WhiteClock "0:00:13"]
[BlackClock "0:00:20"]

1. d4 Nf6 2. Nf3 d5 3. Bf4 c5 4. e3 Nc6 5. Nbd2 Qb6 6. dxc5 Qxb2 7. c4 e6 8. Qc1 Qxc1+ 9. Rxc1 Bxc5 10. cxd5 Ba3 11. dxc6 Bxc1 12. Nc4 bxc6 13. Kd1 Bxe3 14. Bxe3 O-O 15. Kc2 Nd5 16. Bc5 Rd8 17. Nfe5 Bd7 18. Be2 Be8 19. Rb1 f6 20. Nd3 Bg6 21. g3 Rab8 22. Rxb8 Rxb8 23. a3 a6 24. Kd2 Rb1 25. Nb4 Nxb4 26. axb4 e5 27. Na5 Rb2+ 28. Ke3 Bb1 29. Bxa6 f5 30. Bc4+ Kh8 31. Nxc6 g5 32. Nxe5 Rc2 33. b5 h5 34. b6 Kh7 35. b7 Rb2 36. Bd5 Be4 37. Bxe4 fxe4 38. Kxe4 Rxb7 39. Kf5 Rg7 40. Be3 g4 41. Nd3 Rb7 42. Nf4 Rb5+ 43. Kf6 Ra5 44. Bd4 Rb5 45. Ne6 Kh6 46. Kf7 Rf5+ 47. Ke7 h4 48. gxh4 Rf3 49. Ng5 Rf4 50. Be3 Ra4 51. Ne6+ Kh5 52. Bg5 Ra2 53. Nf4# 1-0


[Site "https://www.chess.com"]

[Event "Titled Tuesday Blitz March 14 Late 2023"]
[White "Hajiyev, Kanan"]
[Black "Winslow, Elliott"]
[WhiteFideId "13404148"]
[BlackFideId "2002523"]
[WhiteElo "2103"]
[BlackElo "2205"]
[Result "1-0"]
[Round "03"]
[TimeControl "180+1"]
[Date "2023.03.14"]
[WhiteClock "0:00:35"]
[BlackClock "0:00:02"]

1. d4 Nf6 2. Nf3 g6 3. c4 Bg7 4. Nc3 O-O 5. g3 d6 6. Bg2 Nbd7 7. O-O e5 8. e4 c6 9. b3 Qb6 10. Ba3 exd4 11. Qxd4 Ne8 12. Qd2 Nc5 13. Bb2 Bg4 14. Rad1 Rd8 15. Qf4 Be6 16. Ng5 Qa5 17. Nxe6 Nxe6 18. Qd2 N8c7 19. Ne2 Qxd2 20. Rxd2 Bxb2 21. Rxb2 d5 22. cxd5 cxd5 23. exd5 Nxd5 24. Rd2 Nb4 25. Rfd1 Rxd2 26. Rxd2 b6 27. a3 Na6 28. b4 Nac7 29. h4 Rd8 30. Rc2 Kf8 31. f4 Rd3 32. g4 Rxa3 33. f5 gxf5 34. gxf5 1-0


[Site "https://www.chess.com"]